 Dungeon Crawl Stone Soup version 0.31-a0-865-g3d5d91748a (webtiles) character file.

Game seed: 7325882608071576265

55 CowFu the Skirmisher (level 3, 0/31 HPs)
             Began as a Gnoll Hunter on Oct 11, 2023.
             Killed by nerve-wracking pain
             ... invoked by Grinder
              (11 damage)
             ... on level 3 of the Dungeon.
             The game lasted 00:01:21 (1431 turns).

CowFu the Skirmisher (Gnoll Hunter)                 Turns: 1431, Time: 00:01:21

Health: 0/31       AC:  8    Str: 10    XL:     3   Next: 93%
Magic:  4/4        EV:  6    Int:  8    God:
Gold:   128        SH:  0    Dex: 17    Spells: 4/4 levels left

rFire   . . .        a - +0 shortbow
rCold   . . .        (shield currently unavailable)
rNeg    . . .        k - +0 chain mail
rPois   .            (no helmet)
rElec   .            (no cloak)
rCorr   .            (no gloves)
SInv    .            (no boots)
Will    .....        (no amulet) Stlth
                     (no ring)
HPRegen 0.25/turn    (no ring)
MPRegen 0.09/turn

%: no passive effects
@: no status effects
A: fangs 1, strong nose, distributed training
a: no special abilities


You were on level 3 of the Dungeon.
You visited 1 branch of the dungeon, and saw 3 of its levels.

You collected 128 gold pieces.

Inventory:

Hand Weapons
 a - a +0 shortbow (weapon)
Armour
 k - a +0 chain mail (worn)
Scrolls
 b - a scroll of butterflies
 c - 2 scrolls of blinking {unknown}
 e - a scroll of fear {unknown}
 f - 2 scrolls of identify {unknown}
 g - a scroll of fog {unknown}
 h - a scroll of acquirement {unknown}
 m - a scroll of amnesia {unknown}
Potions
 d - 2 potions of attraction {unknown}
 i - 2 potions of curing {unknown}
 j - a potion of degeneration {unknown}
 l - a potion of heal wounds {unknown}
 n - a potion of mutation {unknown}


   Skills:
 + Level 4.6 Fighting
 + Level 1.0 Short Blades
 + Level 1.0 Long Blades
 + Level 1.0 Axes
 + Level 1.0 Maces & Flails
 + Level 1.0 Polearms
 + Level 1.0 Staves
 + Level 8.5 Ranged Weapons
 + Level 1.0 Throwing
 + Level 1.0 Armour
 + Level 4.6 Dodging
 + Level 2.5 Stealth
 + Level 1.0 Shields
 + Level 1.0 Unarmed Combat
 + Level 1.0 Spellcasting
 + Level 0.7 Conjurations
 + Level 0.7 Hexes
 + Level 0.7 Summonings
 + Level 0.7 Necromancy
 + Level 0.7 Translocations
 + Level 0.7 Transmutations
 + Level 0.7 Fire Magic
 + Level 0.7 Ice Magic
 + Level 0.7 Air Magic
 + Level 0.7 Earth Magic
 + Level 0.7 Poison Magic
 + Level 1.1 Invocations
 + Level 1.0 Evocations
 + Level 0.9 Shapeshifting


You had 4 spell levels left.
You didn't know any spells.
Your spell library was empty.

Dungeon Overview and Level Annotations

Branches:
Dungeon (3/15)

Altars:

Annotations:
D:3 Grinder


Innate Abilities, Weirdness & Mutations

You have very sharp teeth.
Your uncanny sense of smell can sniff out nearby items.
Your experience applies equally to all skills.


Message History

Grinder blinks!
Fire: a) +0 shortbow
Press: ? - help, Q - select action Shift-Dir - straight line, f/p - Grinder
Aim: Grinder (heavily wounded, 63% to hit)
You shoot an arrow. The arrow completely misses Grinder.
Fire: a) +0 shortbow
Press: ? - help, Q - select action Shift-Dir - straight line, f/p - Grinder
Aim: Grinder (heavily wounded, 63% to hit)
You shoot an arrow. The arrow closely misses Grinder.
Grinder gestures at you. You resist with significant effort.
Grinder closely misses you.
Fire: a) +0 shortbow
Press: ? - help, Q - select action Shift-Dir - straight line, f/p - Grinder
Aim: Grinder (heavily wounded, 63% to hit)
You shoot an arrow. The arrow barely misses Grinder.
Grinder blinks!
Fire: a) +0 shortbow
Press: ? - help, Q - select action Shift-Dir - straight line, f/p - Grinder
Aim: Grinder (heavily wounded, 63% to hit)
You shoot an arrow. The arrow hits Grinder.
Grinder is severely wounded.
Grinder barely misses you.
Grinder blinks!
Fire: a) +0 shortbow
Press: ? - help, Q - select action Shift-Dir - straight line, f/p - Grinder
Aim: Grinder (severely wounded, 63% to hit)
You shoot an arrow. The arrow hits Grinder.
Grinder is severely wounded.
Grinder gestures at you.
You suddenly lose the ability to move!
Grinder gestures at you.
You shrug off the repeated paralysis!
You can move again.
Fire: a) +0 shortbow
Press: ? - help, Q - select action Shift-Dir - straight line, f/p - Grinder
Aim: Grinder (severely wounded, 63% to hit)
You shoot an arrow. The arrow barely misses Grinder.
Grinder gestures at you. Pain shoots through your body!
You die...
Grinder says, "Now the real fun starts!"

###...............
#...............
#...#......>...#
#...##.......>##
#.....##.#.#####
##..##..#.#.####.
..######.......#.#.##...
....)....####....#.#..## ∆
##@.# ###......## #<.##
##....### ... ##...####.....##
...... ##..............#
........##.5##.....#.##..####
.............######.#.###..#..
........####.#### #....##..#.#
................####.#.......#
...[.....................##.##


You could see Grinder.

Vanquished Creatures
  A worm (D:2)
  2 orcs (D:3)
  8 endoplasms
  2 giant cockroaches
  9 goblins
  3 hobgoblins
  A quokka (D:3)
  5 ball pythons
  2 bats (D:3)
  9 kobolds
42 creatures vanquished.

Notes
Turn   | Place    | Note
-------+----------+-------------------------------------------
     0 | D:1      | CowFu the Gnoll Hunter began the quest for the Orb.
     0 | D:1      | Reached XP level 1. HP: 20/20 MP: 1/1
   208 | D:1      | Found a faded altar of an unknown god.
   217 | D:1      | Reached XP level 2. HP: 26/26 MP: 2/2
   803 | D:2      | Reached XP level 3. HP: 31/31 MP: 3/3
  1215 | D:3      | Reached skill level 1 in Invocations
  1346 | D:3      | Reached skill level 1 in Short Blades
  1346 | D:3      | Reached skill level 1 in Long Blades
  1346 | D:3      | Reached skill level 1 in Axes
  1346 | D:3      | Reached skill level 1 in Maces & Flails
  1346 | D:3      | Reached skill level 1 in Polearms
  1346 | D:3      | Reached skill level 1 in Staves
  1346 | D:3      | Reached skill level 1 in Throwing
  1346 | D:3      | Reached skill level 1 in Armour
  1346 | D:3      | Reached skill level 1 in Shields
  1346 | D:3      | Reached skill level 1 in Unarmed Combat
  1346 | D:3      | Reached skill level 1 in Spellcasting
  1346 | D:3      | Reached skill level 1 in Evocations
  1404 | D:3      | Noticed Grinder
  1404 | D:3      | Paralysed by Grinder for 4 turns
  1429 | D:3      | Paralysed by Grinder for 2 turns
  1431 | D:3      | Killed from afar by Grinder

Illustrated notes

Levels and vault maps discovered:
D:1:      kennysheep_arrival_seaside, layout_basic, basic_ecumenical_altar
D:2:      layout_rooms, minmay_crystal_water
D:3:      layout_rooms, serial_shops, nicolae_shop_trees, minmay_cut_off,
          uniq_grinder

Skill      XL: |  1  2  3 |
---------------+----------+-----
Invocations    | 1 |  1.1
Short Blades   | 1 |  1.0
Long Blades    | 1 |  1.0
Axes           | 1 |  1.0
Maces & Flails | 1 |  1.0
Polearms       | 1 |  1.0
Staves         | 1 |  1.0
Throwing       | 1 |  1.0
Armour         | 1 |  1.0
Shields        | 1 |  1.0
Unarmed Combat | 1 |  1.0
Spellcasting   | 1 |  1.0
Evocations     | 1 |  1.0
Fighting       | |  4.6
Ranged Weapons | |  8.5
Dodging        | |  4.6
Stealth        | |  2.5
Conjurations   | |  0.7
Hexes          | |  0.7
Summonings     | |  0.7
Necromancy     | |  0.7
Translocations | |  0.7
Transmutations | |  0.7
Fire Magic     | |  0.7
Ice Magic      | |  0.7
Air Magic      | |  0.7
Earth Magic    | |  0.7
Poison Magic   | |  0.7
Shapeshifting  | |  0.9

Action                     || total
---------------------------++-------
   Fire: Shortbow          ||   130
 Armour: Leather armour    ||    11
         Chain mail        ||     9
  Dodge: Dodged            ||    19

Table legend: (Time is in decaauts)
 A = Elapsed time spent in this place.
 B = Non-inter-level travel time spent in this place.
 C = Inter-level travel time spent in this place.
 D = Time resting spent in this place.
 E = Time spent auto-exploring this place.
 F = Levels seen in this place.
 G = Mean time per level.
                   A        B        C        D        E       F      G
               +--------+--------+--------+--------+--------+-----+--------+
         Total |   1463 |   1394 |     69 |      0 |   1135 |   3 |  487.7 |
       Dungeon |   1463 |   1394 |     69 |      0 |   1135 |   3 |  487.7 |
               +--------+--------+--------+--------+--------+-----+--------+

Top non-repeatable levels by time:
     D:1: 750 daAuts
     D:2: 472 daAuts
     D:3: 240 daAuts
